 Dungeon Crawl Stone Soup version 0.28.0-47-ge53b351184 (webtiles) character file.

Game seed: 8164095838436135705

73 NinjaNoafa the Ducker (level 4, 0/34 HPs)
             Began as a Demonspawn Gladiator on May 10, 2022.
             Slain by Sigmund
             ... wielding a +0 scythe
              (8 damage)
             ... on level 2 of the Dungeon.
             The game lasted 00:01:59 (1316 turns).

NinjaNoafa the Ducker (Demonspawn Gladiator)        Turns: 1316, Time: 00:02:01

Health: 0/34       AC:  4    Str: 12 (14) XL:     4   Next: 8%
Magic:  4/4        EV: 15    Int: 11 (12) God:
Gold:   68         SH:  0    Dex: 11 (14) Spells: 3/3 levels left

rFire   . . .      SeeInvis .   p - +7 flail (drain)
rCold   . . .      Faith    .   (no shield)
rNeg    . . .      Spirit   .   b - +0 leather armour
rPois   .          Reflect  .   c - +0 helmet
rElec   .          Harm     .   (no cloak)
rCorr   .          Rampage  .   (no gloves)
Will    .....                   (no boots)
Stlth   +.........              (no amulet)
HPRegen 0.11/turn               i - ring of wizardry
MPRegen 0.09/turn               (no ring)

@: no status effects
A: repulsion field 2
a: no special abilities


You were on level 2 of the Dungeon.
You visited 1 branch of the dungeon, and saw 2 of its levels.

You collected 68 gold pieces.

Inventory:

Hand Weapons
 p - a +7 flail of draining (weapon)
Missiles
 d - a throwing net (quivered)
 g - 76 stones
 o - 2 poisoned darts
Armour
 b - a +0 leather armour (worn)
 c - a +0 helmet (worn)
Jewellery
 i - a ring of wizardry (left hand)
Scrolls
 a - 2 scrolls of enchant weapon {unknown}
 e - a scroll of noise {unknown}
 k - a scroll of silence {unknown}
 q - a scroll of teleportation {unknown}
Potions
 f - a potion of degeneration
 j - a potion of curing {unknown}
 l - a potion of might {unknown}
 m - 2 potions of ambrosia {unknown}
 n - a potion of flight {unknown}


   Skills:
 + Level 2.8 Fighting
 + Level 0.0(1.9) Maces & Flails
 - Level 3.2 Staves
 + Level 2.4 Throwing
 + Level 3.2 Dodging


You had 3 spell levels left.
You didn't know any spells.
Your spell library was empty.

Dungeon Overview and Level Annotations

Branches:
Dungeon (2/15)

Altars:

Annotations:
D:2 Sigmund


Innate Abilities, Weirdness & Mutations

You are surrounded by a moderate repulsion field. (EV +3)


Message History

The giant cockroach bites you but does no damage.
The giant cockroach barely misses you.
You barely miss the giant cockroach. The giant cockroach misses you.
You sock the giant cockroach!
You kill the giant cockroach!
There is an escape hatch in the floor here.
You see here a giant cockroach corpse.
a - 2 scrolls labelled ARIFAIR AMAEWI A frilled lizard comes into view.
The frilled lizard hisses angrily.
A frilled lizard is nearby!
Found a stone staircase leading down.
The frilled lizard misses you.
You thump the frilled lizard!
You kill the frilled lizard!
q - a scroll labelled HAIMETOZEH Sigmund the Dreaded comes into view.
He is wielding a +0 scythe and wearing a +2 robe of willpower.
Sigmund is nearby!
Sigmund points at you and mumbles some strange words.
The puff of flame hits you.
You hit Sigmund but do no damage. Sigmund completely misses you.
You sock Sigmund!
Sigmund is moderately wounded.
Sigmund closely misses you.
You hit Sigmund.
Sigmund is heavily wounded.
Sigmund hits you with a +0 scythe!
You thump Sigmund! You drain Sigmund.
Sigmund is almost dead.
Sigmund gestures wildly while chanting.
Sigmund flickers and vanishes!
Deactivating autopickup; reactivate with Ctrl-A.
You hit something but do no damage. Something barely misses you.
You barely miss something. Something hits you!
It was a potion of degeneration.
There was something very wrong with that liquid.
You feel weakened.
You feel dopey.
You feel clumsy. Something hits you.
* * * LOW HITPOINT WARNING * * *
It was a potion of cancellation.
You feel magically purged. Something hits you!
You die...

#.# #.##..# #.#
#.##..# # #.#
#.##..# . ..# #.
#..# # ##.##..#
#...#..# #.#...####
# #........#########
#.##.......@........
#...###..##.######
###.# #..##{#
#######.###..##.#
#............##.#
.............##.#
#>#####.##...##.#
#......##.#
#.##...##.#


There were no monsters in sight!

Vanquished Creatures
  Terence (D:2)
  An adder (D:2)
  2 worms (D:2)
  A dart slug (D:1)
  2 bats (D:1)
  2 endoplasms (D:1)
  A giant cockroach (D:2)
  4 goblins
  A hobgoblin (D:1)
  6 jackals
  2 ball pythons
  4 frilled lizards
  3 rats
30 creatures vanquished.

Notes
Turn   | Place    | Note
-------+----------+-------------------------------------------
     0 | D:1      | NinjaNoafa the Demonspawn Gladiator began the quest for the
                  | Orb.
     0 | D:1      | Reached XP level 1. HP: 16/16 MP: 1/1
    60 | D:1      | Gained mutation: You are surrounded by a mild repulsion
                  | field. (EV +2) [demonic ancestry]
    60 | D:1      | Reached XP level 2. HP: 18/22 MP: 2/2
   447 | D:1      | Found a faded altar of an unknown god.
   728 | D:2      | Reached XP level 3. HP: 11/28 MP: 3/3
  1038 | D:2      | Noticed Terence
  1076 | D:2      | Killed Terence
  1077 | D:2      | Gained mutation: You are surrounded by a moderate repulsion
                  | field. (EV +3) [demonic ancestry]
  1077 | D:2      | Reached XP level 4. HP: 20/34 MP: 4/4
  1306 | D:2      | Noticed Sigmund
  1316 | D:2      | Slain by Sigmund

Illustrated notes

Levels and vault maps discovered:
D:1:      ncdulo_watergridlock, layout_basic, ebering_ecumenical_altar_ruins,
          minmay_3d_cube
D:2:      layout_loops_ring, nrook_mini_vaults, uniq_sigmund, uniq_terence

Skill      XL: |  1  2 |
---------------+-------+-----
Throwing       | 2 |  2.4
Dodging        | 3 |  3.2
Staves         | 3 |  3.2
Fighting       | |  2.8

Action                   |  1- 3 |  4- 6 || total
-------------------------+-------+-------++-------
Melee: Quarterstaff      |    90 |     2 ||    92
       Flail             |       |     9 ||     9
Throw: Throwing net      |     2 |       ||     2
  Use: Potion            |       |     2 ||     2
 Stab: Held in net/web   |     1 |       ||     1
Armor: Leather armour    |    23 |     2 ||    25
Dodge: Dodged            |    69 |     7 ||    76
